 Dungeon Crawl Stone Soup version 0.26-a0-259-g1effd001a9 (webtiles) character file.

Game seed: 9701040349354408996

0 Esekla the Skirmisher (level 1, -3/18 HPs)
             Began as a Formicid Abyssal Knight on July 12, 2020.
             Was a Follower of Lugonu.
             Killed from afar by a raiju (shapeshifter) (21 damage)
             ... with a living lightning
             ... on level 1 of the Abyss.
             The game lasted 00:00:48 (103 turns).

Esekla the Skirmisher (Formicid Abyssal Knight)      Turns: 103, Time: 00:00:49

Health: -3/18      AC:  3    Str: 16    XL:     1   Next: 0%
Magic:  2/2        EV: 11    Int: 11    God:    Lugonu [*.....]
Gold:   14         SH:  0    Dex: 10    Spells: 0/0 levels left

rFire    . . .     SeeInvis +   a - +1 falchion
rCold    . . .     Faith    .   (no shield)
rNeg     . . .     Spirit   .   b - +0 leather armour
rPois    .         Reflect  .   (helmet unavailable)
rElec    .         Harm     .   (no cloak)
rCorr    .                      (no gloves)
MR       .....                  (no boots)
Stlth    +.........             (no amulet)
HPRegen  0.06/turn              (no ring)
MPRegen  0.08/turn              (no ring)

@: no status effects
A: permanent stasis, dig shafts and tunnels, four strong arms, antennae 3
a: Dig, Shaft Self, Depart the Abyss, Renounce Religion


You were on level 1 of the Abyss.
You worshipped Lugonu.
Lugonu was aware of your devotion.
You were not hungry.

You visited 0 branches of the dungeon, and saw 0 of its levels.
You visited the Abyss 1 time.

You collected 14 gold pieces.

Inventory:

Hand Weapons
 a - a +1 falchion (weapon)
Armour
 b - a +0 leather armour (worn)
Potions
 d - a potion of might {unknown}
 e - a potion of degeneration {unknown}
 f - a potion of curing {unknown}
Comestibles
 c - 2 rations


   Skills:
 + Level 3.2 Fighting
 + Level 2.0 Long Blades
 + Level 2.1 Armour
 + Level 0.8 Dodging
 + Level 2.1 Invocations


You couldn't memorise any spells.
You didn't know any spells.
Your spell library was empty.

Dungeon Overview and Level Annotations

Branches:
Dungeon (0/15)

Altars:


Innate Abilities, Weirdness & Mutations

You cannot be hasted, slowed, berserked, paralysed or teleported.
You can dig through walls and to a lower floor.
Your four strong arms can wield two-handed weapons with a shield.
You have a pair of large antennae on your head. (SInv)


Message History

A starspawn tentacle comes into view.
The starspawn tentacle grabs you. The starspawn tentacle constricts you.
A starspawn tentacle comes into view.
You escape the starspawn tentacle's grasp.
A starspawn tentacle comes into view.
Found 24 stones.
A starspawn tentacle comes into view.
A tentacle flies out from the starspawn's body!
A starspawn tentacle comes into view.
An ancient zyme comes into view.
You feel yourself growing ill in the presence of the ancient zyme.
You see here 24 stones.
A raiju comes into view.
A death drake comes into view.
The death drake hisses angrily.
A smoke demon comes into view.
The raiju bursts into living lightning!
The living lightning hits you!!
Ouch! That really hurt!
You die...

# #.#.{{..#### ##
. .{####.# .
##.#..#.# #..##
#. # . ##. # ..
.# # #.### #..# #
#..#...# .#...
#.....k#.##...##
##..k##h.@.....#
...3...#.#.##.#.#
###....##..# ###.
#.# ## .# .. ##


You could see a death drake, a smoke demon (wandering) and a raiju.

Vanquished Creatures (others)
  8 starspawn tentacles (Abyss:1)
8 creatures vanquished.

Notes
Turn   | Place    | Note
-------+----------+-------------------------------------------
     0 | Abyss:1  | Esekla the Formicid Abyssal Knight began the quest for the
                  | Orb.
     0 | Abyss:1  | Reached XP level 1. HP: 18/18 MP: 2/2
    15 | Abyss:1  | Found a corrupted altar of Lugonu.
    53 | Abyss:1  | Noticed a tentacled starspawn
    75 | Abyss:1  | Noticed an ancient zyme
   100 | Abyss:1  | Noticed a raiju
   101 | Abyss:1  | Noticed a death drake
   101 | Abyss:1  | Noticed a smoke demon
   103 | Abyss:1  | Killed from afar by a raiju (shapeshifter)

Illustrated notes

Levels and vault maps discovered:
Abyss:1:  evilmike_abyss_exit_vortex

Table legend:
 A = Non-vault XP
 B = Vault XP
 C = Vault XP percentage of total XP
 D = Non-vault monster count
 E = Vault monster count
 F = Vault count percentage of total count
                 A         B        C        D         E       F
            +---------+---------+-------+---------+---------+-------
      Total |       0 |       0 |   N/A |       0 |       0 |  -nan
            +---------+---------+-------+---------+---------+-------
            +---------+---------+-------+---------+---------+-------
